 Dungeon Crawl Stone Soup version 0.21-a0-265-gb353147 (webtiles) character file.

7 tof the Caller (level 2, 0/19 HPs)
             Began as a Merfolk Summoner on Sept 12, 2017.
             Slain by a hobgoblin
             ... wielding a +0 club
              (2 damage)
             ... on level 1 of the Dungeon.
             The game lasted 00:00:59 (218 turns).

tof the Caller (Merfolk Summoner)                    Turns: 218, Time: 00:01:00

Health: 0/19       AC:  3    Str:  8    XL:     2   Next: 0%
Magic:  1/5        EV: 13    Int: 14    God:
Gold:   8          SH:  0    Dex: 14    Spells: 4/5 levels left

rFire    . . .     SeeInvis .   (no weapon)
rCold    . . .     Gourm    .   (no shield)
rNeg     . . .     Faith    .   a - +0 robe
rPois    .         Spirit   .   (no helmet)
rElec    .         Reflect  .   (no cloak)
rCorr    .         Harm     .   e - +0 pair of gloves
MR       .....                  (no boots)
Stlth    ++........             (no amulet)
HPRegen  0.06/turn              (no ring)
MPRegen  0.09/turn              (no ring)

@: no status effects
A: change form in water, swift swim, stealthy swim
a: no special abilities


You were on level 1 of the Dungeon.
You were not hungry.

You visited 1 branch of the dungeon, and saw 1 of its levels.

You collected 8 gold pieces.

Inventory:

Armour
 a - a +0 robe (worn)
 e - a +0 pair of gloves (worn)
Scrolls
 f - a scroll of identify {unknown}
Books
 b - a book of Callings

   Spells                             Type                      Level
   a - Summon Small Mammal            Summoning                    1
   b - Call Imp                       Summoning                    2
   c - Call Canine Familiar           Summoning                    3
   d - Summon Guardian Golem          Hexes/Summoning              3
   e - Summon Lightning Spire         Summoning/Air                4
   f - Summon Ice Beast               Ice/Summoning                4
Comestibles
 c - a bread ration
 d - a chunk of flesh


   Skills:
 + Level 0.2 Fighting
 + Level 3.0 Dodging
 + Level 2.1 Stealth
 + Level 2.1 Spellcasting
 * Level 4.1 Summonings


You had 4 spell levels left.
You knew the following spells:

 Your Spells              Type           Power        Failure   Level  Hunger
a - Summon Small Mammal   Summ           ##..         4%          1    #......


Dungeon Overview and Level Annotations

Branches:
Dungeon (1/15)

Altars:


Message History

The hobgoblin barely misses your quokka.
Your quokka bites the hobgoblin.
The hobgoblin hits your quokka with a club.
Your quokka barely misses the hobgoblin.
The hobgoblin closely misses your quokka.
Your quokka barely misses the hobgoblin.
Your quokka closely misses the hobgoblin.
The hobgoblin hits your quokka with a club.
Your quokka dies!
Your quokka's corpse disappears in a puff of smoke!
The hobgoblin shouts!
Items here: )) †† a club; a dagger; a goblin corpse x2
The hobgoblin hits you with a club.
* * * LOW HITPOINT WARNING * * *
There is an open door here.
You barely miss the hobgoblin.
The hobgoblin is almost dead.
The hobgoblin hits you with a club.
You die...

##........#...
#.......#..#
#.......# .#
#.......# #
#########g.....##
##♣≈≈≈##....†...##
#..♣≈≈≈####.#####
###..♣♣♣##...#
#<.....g@).###
###..♣♣♣#...#
#..♣≈≈≈#.......
##♣≈≈≈########.#
#####


You could see a hobgoblin.

Vanquished Creatures
  A goblin (D:1)
1 creature vanquished.

Vanquished Creatures (collateral kills)
  A giant cockroach (D:1)
  2 goblins (D:1)
  3 jackals (D:1)
  A bat (D:1)
  A frilled lizard (D:1)
8 creatures vanquished.

Grand Total: 9 creatures vanquished

Notes
Turn   | Place    | Note
-------+----------+-------------------------------------------
     0 | D:1      | tof the Merfolk Summoner began the quest for the Orb.
     0 | D:1      | Reached XP level 1. HP: 13/13 MP: 3/3
   204 | D:1      | Reached XP level 2. HP: 4/19 MP: 1/5
   218 | D:1      | Slain by a hobgoblin

Vault maps used:
D:1:      saegor_arrival_simple_d

Skill      XL: |  1 |
---------------+----+-----
Dodging        | 3 |  3.0
Fighting       | |  0.2
Stealth        | |  2.1
Spellcasting   | |  2.1
Summonings     | |  4.1

Action                   || total
-------------------------++-------
Melee: Unarmed           ||    42
 Cast: Summon Small Mamm ||    10
Armor: Robe              ||    21
Dodge: Dodged            ||    63

Table legend:
 A = Spawn XP
 B = Non-spawn XP
 C = Spawn XP percentage of total XP
 D = Spawn monster count
 E = Non-spawn monster count
 F = Spawn count percentage of total count
 G = Total turns spent on level
                    A         B        C        D         E        F      G
               +---------+---------+-------+---------+---------+-------+---------
         Total |       0 |      10 |   0.0 |       0 |       9 |   0.0 |   218
               +---------+---------+-------+---------+---------+-------+---------
           D:1 |       0 |      10 |   0.0 |       0 |       9 |   0.0 |   218
               +---------+---------+-------+---------+---------+-------+---------
